 Seeded DCSS version 0.29.1-12-g30fa7ad0bf (webtiles) character file.

Game seed: 9845822215292249863 (custom seed)

184 OTABOTABOTAB the Shooter (level 5, 32/32 HPs)
             Began as a Kobold Arcane Marksman on Jan 11, 2023.
             Quit the game on level 3 of the Dungeon.
             The game lasted 00:05:37 (3162 turns).

OTABOTABOTAB the Shooter (Kobold Arcane Marksman)   Turns: 3162, Time: 00:05:37

Health: 32/32      AC: 11    Str: 11    XL:     5   Next: 96%
Magic:  6/6        EV: 33    Int: 23    God:
Gold:   158        SH:  0    Dex: 24    Spells: 5/6 levels left

rFire   + . .      SeeInvis .   a - +1 sling
rCold   . . .      Faith    .   (no shield)
rNeg    . . .      Spirit   .   y - +4 robe of Augmentation {Str+4 Int+4 Dex+4}
rPois   .          Reflect  .   f - +0 hat of the Silversmith {Int+4 Slay+2}
rElec   .          Harm     .   (no cloak)
rCorr   .          Rampage  .   n - +2 pair of gloves {Dex+3}
Will    ++...                   o - +1 pair of boots of Freedom {rF+ Will+ Stlth+}
Stlth   ++++......              h - amulet of the acrobat
HPRegen 0.10/turn               W - ring of willpower
MPRegen 0.10/turn               (no ring)

@: acrobatic
A: small, no large weapons, nightstalker 3
a: no special abilities


You were on level 3 of the Dungeon.
You visited 1 branch of the dungeon, and saw 3 of its levels.

You collected 158 gold pieces.

Inventory:

Hand Weapons
 a - a +1 sling (weapon)
Missiles
 j - 5 poisoned darts
 q - 4 boomerangs
 s - 42 stones
Armour
 f - the +0 hat of the Silversmith (worn) {Int+4 Slay+2}
   (You acquired it on level 1 of the Dungeon)

   Int:       It affects your intelligence (+4).
   Slay:      It affects your accuracy & damage with ranged weapons and melee
   (+2).
 n - a +2 pair of gloves of dexterity (worn)
   (You acquired it on level 1 of the Dungeon)
 o - the +1 pair of boots of Freedom (worn) {rF+ Will+ Stlth+}
   (You acquired it on level 1 of the Dungeon)

   rF:        It protects you from fire.
   Will:      It increases your willpower.
   Stlth:     It makes you more stealthy.
 y - the +4 robe of Augmentation (worn) {Str+4 Int+4 Dex+4}
   (You found it on level 3 of the Dungeon)

   Str:       It affects your strength (+4).
   Int:       It affects your intelligence (+4).
   Dex:       It affects your dexterity (+4).
Magical Staves
 i - a staff of conjuration
   (You found it on level 1 of the Dungeon)
Jewellery
 h - an amulet of the acrobat (around neck)
   (You found it on level 1 of the Dungeon)
 W - a ring of willpower (left hand)
   (You found it on level 1 of the Dungeon)
Scrolls
 b - 3 scrolls of poison {!r}
 c - a scroll of noise {unknown}
 d - 2 scrolls of teleportation {unknown}
 g - a scroll of amnesia {unknown}
 m - 2 scrolls of identify {unknown}
 p - a scroll of blinking {unknown}
 t - 2 scrolls of enchant weapon {unknown}
 w - 2 scrolls of butterflies {unknown}
 x - a scroll of fear {unknown}
Potions
 e - 3 potions of heal wounds {unknown}
 k - a potion of curing {unknown}
 l - a potion of magic {unknown}
 r - a potion of ambrosia {unknown}
 u - 2 potions of brilliance {unknown}
 v - a potion of might {unknown}
 z - a potion of lignification {unknown}


   Skills:
 + Level 3.4 Fighting
 + Level 4.8 Ranged Weapons
 + Level 4.3 Dodging
 - Level 1.1 Spellcasting
 - Level 3.0 Hexes


You had 5 spell levels left.
You knew the following spells:

 Your Spells              Type           Power      Damage    Failure   Level
s - Slow                  Hex            60%        N/A       4%          1

Your spell library contained the following spells:

 Spells                   Type           Power      Damage    Failure   Level
 Inner Flame              Hex/Fire       8%         N/A       22%         3
 Portal Projectile        Hex/Tloc       16%        N/A       22%         3
 Gell's Gravitas          Tloc           1%         N/A       38%         3
 Lesser Beckoning         Tloc           1%         N/A       38%         3
 Teleport Other           Tloc           1%         N/A       38%         3
 Cause Fear               Hex            7%         N/A       38%         4


Dungeon Overview and Level Annotations

Branches:
Dungeon (3/15)

Altars:


Innate Abilities, Weirdness & Mutations

You are small and have problems with some larger weapons.
You are completely attuned to the shadows.


Message History

c - a scroll labelled ETIUGEAXEJ A hobgoblin and a frilled lizard come into view.
You shoot a sling bullet.
The sling bullet hits the frilled lizard!
You kill the frilled lizard!
The hobgoblin shouts!
You shoot a sling bullet.
The sling bullet barely misses the hobgoblin.
You shoot a sling bullet. The sling bullet hits the hobgoblin!
You kill the hobgoblin!
No target in view!
No target in view!
No target in view!
An endoplasm comes into view.
You shoot a sling bullet. The sling bullet hits the endoplasm!
You kill the endoplasm!
No target in view!
No target in view!
No target in view!
A bat comes into view.
You shoot a sling bullet. The sling bullet hits the bat!
You kill the bat!
No target in view!
No target in view!
No target in view!
You open the door.
There is an open door here.
An orc comes into view. It is wielding a +0 hand axe.
You shoot a sling bullet. The sling bullet hits the orc.
The orc shouts!
You shoot a sling bullet. The sling bullet hits the orc.
You shoot a sling bullet. The sling bullet hits the orc.
You kill the orc!
No target in view!
No target in view!
As you open the door, it creaks loudly!
There is an open door here.
A kobold comes into view. It is wielding a +0 whip.
You shoot a sling bullet. The sling bullet hits the kobold.
You shoot a sling bullet. The sling bullet hits the kobold!
You kill the kobold!
No target in view!
No target in view!
You see here a +0 whip.
An endoplasm comes into view.
You see here 2 scrolls labelled HIS ICVEUWKITA.
You shoot a sling bullet. The sling bullet hits the endoplasm.
You kill the endoplasm!
No target in view!
No target in view!
No target in view!
t - 2 scrolls labelled HIS ICVEUWKITA A bat comes into view.
You shoot a sling bullet. The sling bullet hits the bat!
You kill the bat!
No target in view!
No target in view!
No target in view!
No target in view!
No target in view!
You now have 158 gold pieces (gained 13).
There is an open door here.
Found a stone staircase leading down.
There is a stone staircase leading down here.
There is an open door here.
A kobold comes into view. It is wielding a +0 club.
You see here a metallic pink potion.
You shoot a sling bullet. The sling bullet hits the kobold.
You shoot a sling bullet. The sling bullet hits the kobold!
You kill the kobold!
No target in view!
No target in view!
e - 3 metallic pink potions (gained 1) Natasha, Servant of Life and Death comes into view.
Natasha moves out of view.
No target in view!
No target in view!
No target in view!
You shoot a sling bullet.
The sling bullet closely misses Natasha.
You shoot a sling bullet.
The sling bullet hits Natasha but does no damage.
Natasha claws you but does no damage.
You shoot a sling bullet. The sling bullet hits Natasha!
Natasha claws you. Natasha closely misses you.
You take 6 damage, and have 26/32 hp.
You shoot a sling bullet. The sling bullet hits Natasha!
Natasha completely misses you.
You shoot a sling bullet. The sling bullet hits Natasha!
You kill Natasha!
Suddenly Natasha's spirit rises from her lifeless body.
No target in view!
No target in view!
Things that are here:
a +0 hand axe; a +0 leather armour
z - a fizzy emerald potion Health restored: 32
s - 42 stones (gained 8) Done exploring.
Done exploring.

.....#
#.#.................##.#.
.)...#
#.#.................##.##
.....#
#.#.................#....
.....#
#.#.######..........#....
.....# #.#.#
#............#.... .....#
#)#.# #............#####
.....####.#.#
#.........########
.....#....#.#
#................'
...###.####.#
#@....############ ...#
#.# #.# #.....# # ...#
#.# #.# #.....# #
...###.# #.# #.....# #
...'...# #.# ####### #
...###.# #.# ...# #.# #.#
#### ### #.# #.#


There were no monsters in sight!

Vanquished Creatures
  An iguana (D:3)
  Natasha (twice) (D:3)
  4 adders
  A gnoll (D:1)
  A worm (D:2)
  2 dart slugs (D:1)
  2 orcs (D:3)
  5 ball pythons
  9 bats
  6 endoplasms
  2 giant cockroaches
  2 goblins (D:1)
  4 hobgoblins
  3 quokkas
  4 frilled lizards
  5 kobolds
  5 rats
58 creatures vanquished.

Notes
Turn   | Place    | Note
-------+----------+-------------------------------------------
     0 | D:1      | OTABOTABOTAB the Kobold Arcane Marksman began the quest for
                  | the Orb.
     0 | D:1      | Reached XP level 1. HP: 12/12 MP: 2/2
    27 | D:1      | Reached skill level 3 in Ranged Weapons
    27 | D:1      | Reached XP level 2. HP: 14/16 MP: 3/3
   169 | D:1      | Reached skill level 3 in Dodging
   244 | D:1      | Reached XP level 3. HP: 21/21 MP: 4/4
   373 | D:1      | Reached skill level 2 in Fighting
   899 | D:1      | Identified 3 scrolls of acquirement
   899 | D:1      | Acquired a +2 pair of gloves of dexterity
   906 | D:1      | Acquired the +1 pair of boots of Freedom {rF+ Will+ Stlth+}
   913 | D:1      | Acquired the +0 hat of the Silversmith {Int+4 Slay+2}
  1002 | D:2      | Found a faded altar of an unknown god.
  1137 | D:2      | Reached XP level 4. HP: 27/27 MP: 5/5
  1316 | D:2      | Reached skill level 4 in Ranged Weapons
  1817 | D:3      | Reached XP level 5. HP: 11/32 MP: 6/6
  2081 | D:3      | Reached skill level 3 in Fighting
  2081 | D:3      | Reached skill level 4 in Dodging
  2335 | D:3      | Noticed Natasha
  2342 | D:3      | Killed Natasha
  2551 | D:3      | Found the +4 robe of Augmentation {Str+4 Int+4 Dex+4}
  2948 | D:3      | Noticed Natasha
  2954 | D:3      | Killed Natasha
  3162 | D:3      | Quit the game

Illustrated notes

Levels and vault maps discovered:
D:1:      giann_bridges, layout_basic
D:2:      layout_loops_cross, ebering_ecumenical_altar_hall
D:3:      layout_basic, uniq_natasha

Skill      XL: |  1  2  3  4  5 |
---------------+----------------+-----
Ranged Weapons | 3 4 |  4.8
Dodging        | 3 4 |  4.3
Fighting       | 2 3 |  3.4
Spellcasting   | |  1.1
Hexes          | |  3.0

Action                   |  1- 3 |  4- 6 || total
-------------------------+-------+-------++-------
 Fire: Sling             |    74 |    86 ||   160
  Use: Scroll            |     3 |       ||     3
Armor: Robe              |     7 |    17 ||    24
Dodge: Dodged            |    39 |    30 ||    69

Table legend: (Time is in decaauts)
 A = Elapsed time spent in this place.
 B = Non-inter-level travel time spent in this place.
 C = Inter-level travel time spent in this place.
 D = Time resting spent in this place.
 E = Time spent auto-exploring this place.
 F = Levels seen in this place.
 G = Mean time per level.
                   A        B        C        D        E       F      G
               +--------+--------+--------+--------+--------+-----+--------+
         Total |   3202 |   3166 |     36 |      0 |   2825 |   3 | 1067.3 |
       Dungeon |   3202 |   3166 |     36 |      0 |   2825 |   3 | 1067.3 |
               +--------+--------+--------+--------+--------+-----+--------+

Top non-repeatable levels by time:
     D:3: 1428 daAuts
     D:1: 951 daAuts
     D:2: 822 daAuts

Table legend:
 A = Kills in this place as a percentage of kills in entire the game.
 B = Kills by you in this place as a percentage of kills by you in the entire game.
 C = Kills by friends in this place as a percentage of kills by friends in the entire game.
 D = Other kills in this place as a percentage of other kills in the entire game.
 E = Experience gained in this place as a percentage of experience gained in the entire game.
 F = Experience gained in this place divided by the number of levels of this place that you have seen.
                   A       B       C       D       E      F
               +-------+-------+-------+-------+-------+----------------------
         Total | 100.0 | 100.0 |   N/A |   N/A | 100.0 |  88.0
       Dungeon | 100.0 | 100.0 |   N/A |   N/A | 100.0 |  88.0
               +-------+-------+-------+-------+-------+----------------------
